 Dungeon Crawl Stone Soup version 0.26-a0-64-g059e62f (webtiles) character file.

Game seed: 10201447461269470242

1393 Faca the Spear-Bearer (level 8, -7/69 HPs)
             Began as a Merfolk Gladiator on June 10, 2020.
             Mangled by a troll (9 damage)
             ... on level 5 of the Dungeon.
             The game lasted 00:11:48 (6892 turns).

Faca the Spear-Bearer (Merfolk Gladiator)           Turns: 6892, Time: 00:11:49

Health: -7/69      AC: 11    Str: 16    XL:     8   Next: 68%
Magic:  8/8        EV:  8    Int:  8    God:
Gold:   255        SH:  0    Dex: 21    Spells: 7/7 levels left

rFire    . . .     SeeInvis .   a - +1 trident
rCold    . . .     Gourm    .   (no shield)
rNeg     . . .     Faith    .   n - +0 chain mail
rPois    +         Spirit   .   c - +0 helmet
rElec    .         Reflect  .   o - +0 cloak
rCorr    .         Harm     .   (no gloves)
MR       .....                  y - +0 pair of boots
Stlth    ..........             (no amulet)
HPRegen  0.21/turn              q - ring of poison resistance
MPRegen  0.11/turn              b - +6 ring of dexterity

@: no status effects
A: change form in water, swift swim, stealthy swim
a: no special abilities


You were on level 5 of the Dungeon.
You were not hungry.

You visited 1 branch of the dungeon, and saw 5 of its levels.

You collected 255 gold pieces.

Inventory:

Hand Weapons
 a - a +1 trident (weapon)
Missiles
 d - 2 throwing nets
 v - 2 boomerangs (quivered)
Armour
 c - a +0 helmet (worn)
 n - a +0 chain mail (worn)
 o - a +0 cloak (worn)
 y - a +0 pair of boots (worn)
Jewellery
 b - a +6 ring of dexterity (right hand)
 g - an uncursed ring of protection from fire
 q - a ring of poison resistance (left hand)
 x - an uncursed amulet of regeneration {unknown}
Wands
 i - a wand of random effects (21)
 m - a wand of digging (6)
 t - a wand of iceblast (6)
Scrolls
 h - 2 scrolls of remove curse
 u - a scroll of enchant weapon
 w - a scroll of fog
Potions
 e - 3 potions of mutation
 j - 3 potions of heal wounds
 k - 4 potions of curing
 l - 2 potions of lignification {unknown}
 p - a potion of berserk rage
 s - a potion of flight
Comestibles
 f - 10 rations


   Skills:
 + Level 8.3 Fighting
 + Level 11.2 Polearms
 - Level 2.0 Throwing
 - Level 4.0 Dodging


You had 7 spell levels left.
You didn't know any spells.
Your spell library was empty.

Dungeon Overview and Level Annotations

Branches:
Dungeon (5/15)
 Temple: D:4-7

Altars:

Shops:
D:4 :


Message History

The troll bites you! The troll claws you but does no damage.
The troll barely misses you.
You puncture the troll!
The troll is almost dead.
The troll closely misses you. The troll claws you but does no damage.
The troll claws you!
You barely miss the troll.
The troll is almost dead.
You hit the troll.
The troll is almost dead.
The troll bites you.
* * * LOW HITPOINT WARNING * * *
The troll claws you but does no damage. The troll claws you!
* * * LOW HITPOINT WARNING * * *
You closely miss the troll.
The troll is almost dead.
The troll bites you!
* * * LOW HITPOINT WARNING * * *
The troll barely misses you. The troll claws you!
You die...

##########
#......#
.......###
#.######
.....T...# #.#
######.#.# #.#
#.#.#
#.############
#a#.#
#............(
#.#.#
##############
#.#T# #.#@#
#.#.# #.# ..#
#.# #.# #.#
#.# #†# #.#
#.# #.# #.#
#.# #.#


You could see a troll (drained).

Vanquished Creatures
  Grinder (D:5)
  A sky beast (D:5)
  A phantom (D:4)
  3 centaurs (D:5)
  A gnoll sergeant (D:5)
  Blork the orc (D:5)
  A howler monkey (D:5)
  A centaur zombie (D:5)
  An orc priest (D:4)
  3 orc wizards
  Crazy Yiuf (D:4)
  Ijyb (D:4)
  2 iguanas (D:4)
  5 worker ants
  A worker ant zombie (D:4)
  10 gnolls
  4 adders
  3 oozes
  An adder zombie (D:5)
  3 worms
  18 orcs
  6 bats
  4 giant cockroaches
  7 goblins
  2 hobgoblins (D:3)
  3 jackals (D:4)
  4 kobolds
  A quokka (D:5)
  2 frilled lizards
  A leopard gecko skeleton (D:5)
  2 rats
95 creatures vanquished.

Notes
Turn   | Place    | Note
-------+----------+-------------------------------------------
     0 | D:1      | Faca the Merfolk Gladiator began the quest for the Orb.
     0 | D:1      | Reached XP level 1. HP: 16/16 MP: 1/1
   497 | D:1      | Reached XP level 2. HP: 23/23 MP: 2/2
   559 | D:1      | Reached skill level 5 in Polearms
  1066 | D:2      | Reached XP level 3. HP: 16/29 MP: 3/3
  2176 | D:3      | Reached XP level 4. HP: 35/35 MP: 4/4
  2385 | D:3      | Reached skill level 6 in Polearms
  3045 | D:4      | Reached XP level 5. HP: 31/43 MP: 5/5
  3717 | D:4      | Found Ribuaru's Book Boutique.
  3728 | D:3      | Reached skill level 7 in Polearms
  3850 | D:4      | Noticed Ijyb
  4147 | D:4      | Reached skill level 5 in Fighting
  4147 | D:4      | Reached XP level 6. HP: 51/51 MP: 6/6
  4156 | D:4      | Paralysed by Ijyb for 3 turns
  4164 | D:4      | Killed Ijyb
  4766 | D:4      | Reached skill level 8 in Polearms
  4793 | D:4      | Noticed a phantom
  4827 | D:4      | Killed a phantom
  4827 | D:4      | Reached XP level 7. HP: 37/57 MP: 7/7
  5147 | D:4      | Found a runed translucent door.
  5148 | D:4      | Noticed Crazy Yiuf
  5327 | D:4      | Killed Crazy Yiuf
  5429 | D:5      | Entered Level 5 of the Dungeon
  5461 | D:5      | Reached skill level 9 in Polearms
  5640 | D:5      | Noticed Blork the orc
  5647 | D:5      | Killed Blork the orc
  5744 | D:5      | Noticed a troll
  6054 | D:5      | Reached XP level 8. HP: 42/67 MP: 8/8
  6282 | D:5      | Reached skill level 10 in Polearms
  6503 | D:5      | Noticed Grinder
  6506 | D:5      | Paralysed by Grinder for 4 turns
  6513 | D:5      | Paralysed by Grinder for 5 turns
  6529 | D:5      | Paralysed by Grinder for 6 turns
  6534 | D:5      | HP: 1/68 [Grinder (7)]
  6540 | D:5      | Killed Grinder
  6832 | D:5      | Reached skill level 11 in Polearms
  6892 | D:5      | HP: 2/69 [troll (11)]
  6892 | D:5      | Mangled by a troll

Illustrated notes

Levels and vault maps discovered:
D:1:      dpeg_arrival_erosion, layout_basic, minmay_misc_feat_doors
D:2:      layout_loops_ring, first_ration
D:3:      layout_loops_ring, minivault_5
D:4:      kennysheep_big_flooded_room, layout_rooms, serial_shops,
          nicolae_shop_crystal, uniq_ijyb, uniq_crazy_yiuf_cottage
D:5:      layout_basic, uniq_blork_the_orc, uniq_grinder

Skill      XL: |  1  2  3  4  5  6  7  8 |
---------------+-------------------------+-----
Polearms       | 5 6 7 8 9 11 | 11.2
Fighting       | 3 4 5 7 8 |  8.3
Throwing       | |  2.0
Dodging        | |  4.0

Action                   |  1- 3 |  4- 6 |  7- 9 || total
-------------------------+-------+-------+-------++-------
Melee: Trident           |   109 |   206 |   149 ||   464
Throw: Throwing net      |       |     1 |       ||     1
       Boomerang         |       |       |     4 ||     4
Evoke: Wand              |       |       |     7 ||     7
  Use: Scroll            |     8 |     5 |     2 ||    15
       Potion            |       |       |     2 ||     2
 Stab: Paralysed         |       |       |     3 ||     3
  Eat: Chunk             |     1 |     5 |     6 ||    12
       Ration            |     1 |     1 |       ||     2
Armor: Plate armour      |    19 |       |       ||    19
       Chain mail        |    21 |   118 |    48 ||   187
Dodge: Dodged            |    35 |    91 |    39 ||   165

Table legend:
 A = Non-vault XP
 B = Vault XP
 C = Vault XP percentage of total XP
 D = Non-vault monster count
 E = Vault monster count
 F = Vault count percentage of total count
                 A         B        C        D         E       F
            +---------+---------+-------+---------+---------+-------
      Total |    1503 |     487 |  24.5 |      89 |       5 |   5.3
            +---------+---------+-------+---------+---------+-------
        D:1 |      23 |       0 |   0.0 |      11 |       0 |   0.0
        D:2 |      33 |       0 |   0.0 |      10 |       0 |   0.0
        D:3 |     158 |       0 |   0.0 |      25 |       0 |   0.0
        D:4 |     476 |     110 |  18.8 |      25 |       3 |  10.7
        D:5 |     813 |     377 |  31.7 |      18 |       2 |  10.0
            +---------+---------+-------+---------+---------+-------
